 Dungeon Crawl Stone Soup version 0.18.1-6-gd335043 (webtiles) character file.

12610 lightmor the Cleaver (level 11, 0/102 HPs)
             Began as a Minotaur Fighter on May 18, 2016.
             Was an Elder of Makhleb.
             Slain by a death yak (21 damage)
             ... on level 1 of the Lair of Beasts.
             The game lasted 00:22:12 (9529 turns).

lightmor the Cleaver (Minotaur Fighter)             Turns: 9529, Time: 00:22:13

Health: 0/102      AC:  8    Str: 27    XL:     11   Next: 64%
Magic:  10/10      EV: 10    Int:  5    God:    Makhleb [****..]
Gold:   654        SH: 14    Dex: 11    Spells: 0 memorised, 10 levels left

rFire  + + .     SeeInvis .     K - +1 war axe
rCold  . . .     Gourm    .     Q - +1 robe "Vehunef" {rF+ rN+ MR++ Str+4} (curse)
rNeg   + . .     Faith    .     c - +1 shield
rPois  .         Spirit   .     (helmet restricted)
rElec  .         Dismiss  .     y - +2 cloak
rCorr  +         Reflect  .     a - +0 pair of gloves
SustAt .         Harm     .     (no boots)
MR     ++...                    l - amulet of regeneration
Stlth  +.........               C - ring of protection from fire
                                k - ring of resist corrosion

@: very resistant to hostile enchantments, very unstealthy
A: retaliatory headbutt, horns 2
a: Minor Destruction, Lesser Servant of Makhleb, Major Destruction, Renounce
Religion


You were on level 1 of the Lair of Beasts.
You worshipped Makhleb.
Makhleb was greatly pleased with you.
You were near starving.

You visited 2 branches of the dungeon, and saw 10 of its levels.
You also visited: Sewer.

You collected 654 gold pieces.

Inventory:

Hand Weapons
 K - a +1 war axe (weapon)
Armour
 a - a +0 pair of gloves (worn)
 b - a +0 scale mail
 c - a +1 shield (worn)
 y - a +2 cloak (worn)
 Q - the cursed +1 robe "Vehunef" (worn) {rF+ rN+ MR++ Str+4}
   (You found it on level 7 of the Dungeon)

   It affects your strength (+4).
   It protects you from fire.
   It protects you from negative energy.
   It affects your resistance to hostile enchantments.
   It has a curse placed upon it.
Jewellery
 k - a ring of resist corrosion (left hand)
 l - an amulet of regeneration (around neck)
 m - an uncursed ring of flight
 w - a +5 ring of intelligence
 C - a ring of protection from fire (right hand)
Wands
 r - a wand of teleportation (0/9)
 G - a wand of iceblast (0/15)
 L - a wand of hasting (4/9)
 P - a wand of disintegration (13/24)
 S - a wand of acid (0/15)
Scrolls
 g - 4 scrolls of teleportation
 n - 4 scrolls of recharging
 p - a scroll of acquirement {unknown}
 t - 4 scrolls of enchant weapon
 v - a scroll of magic mapping
 x - a scroll of blinking
 F - 2 scrolls of enchant armour
 H - 4 scrolls of remove curse
 O - a scroll of fog
Potions
 e - a potion of degeneration {unknown}
 j - 2 potions of invisibility
 o - 3 potions of mutation
 q - 2 potions of agility {unknown}
 u - a potion of magic {unknown}
 z - 6 potions of brilliance
 B - a potion of ambrosia {unknown}
 D - 4 potions of flight {unknown}
 E - 2 potions of curing
 I - 2 potions of cancellation {unknown}
 M - a potion of resistance {unknown}
 N - a potion of beneficial mutation {unknown}
Books
 s - a Young Poisoner's Handbook

   Spells                             Type                      Level
   a - Sting                          Conjuration/Poison           1
   b - Cure Poison                    Poison                       2
   c - Mephitic Cloud                 Conjuration/Poison/Air       3
   d - Olgreb's Toxic Radiance        Poison                       4
   e - Venom Bolt                     Conjuration/Poison           5
 J - a book of Annihilations

   Spells                             Type                      Level
   a - Poison Arrow                   Conjuration/Poison           6
   b - Chain Lightning                Conjuration/Air              8
   c - Lehudib's Crystal Spear        Conjuration/Earth            8
   d - Glaciate                       Conjuration/Ice              9
   e - Fire Storm                     Conjuration/Fire             9
Comestibles
 d - 4 fruits
 f - 12 bread rations
 h - 3 slices of pizza
 i - 5 royal jellies


   Skills:
 + Level 11.5 Fighting
 * Level 14.1 Axes
 - Level 8.1 Armour
 + Level 11.3 Shields


You had 10 spell levels left.
You didn't know any spells.

Dungeon Overview and Level Annotations

Branches:
Dungeon (9/15)             Temple (0/1) D:7            Lair (1/8) D:8
    Orc (0/2) D:9

Altars:
Ashenzari
Cheibriados
Dithmenos
Elyvilon
Makhleb
Nemelex Xobeh
Okawaru
Qazlal
Ru
Sif Muna
Zin
The Shining One


Innate Abilities, Weirdness & Mutations

You reflexively headbutt those who attack you in melee.
You have a pair of horns on your head.


Message History

You hit the death yak but do no damage. Your headbutt misses the death yak.
The death yak is moderately wounded.
The death yak gores you but does no damage.
You slash the death yak! You headbutt the death yak.
The death yak is moderately wounded.
The death yak gores you!!
* * * LOW HITPOINT WARNING * * *
You barely miss the death yak. You headbutt the death yak!
The death yak is heavily wounded.
You slash the death yak!
The death yak is heavily wounded.
The death yak barely misses you.
You slash the death yak!
The death yak is severely wounded.
The death yak gores you.
* * * LOW HITPOINT WARNING * * *
You slash the death yak! Your headbutt misses the death yak.
The death yak is almost dead.
The death yak gores you!!
You die...

.# #.# ##.## .# #.# #..P#
.# #.# #..## .# # #.##
##.# ..
#.###.##..####..### .
.....Y....#.###.#.####
##.#####..............#
#........####### ..#
#@......## #.# #Y......#
#.## ##.......# . #..
#........######## .. #.#
##..............# ...
##.## #.......####.###
.... #...####.......# ###
...lY####P.###†#.....>.#
....Y.....l............##
###


You could see a death yak.

Vanquished Creatures
  3 death yaks
  An unseen horror (D:9)
  5 elephants (Lair:1)
  3 spiny frogs
  A troll (D:9)
  3 blink frogs
  A two-headed ogre (D:9)
  Sigmund (D:6)
  3 yaks (D:9)
  A hungry ghost (D:9)
  A steam dragon (D:6)
  A hippogriff (D:9)
  Edmund (D:6)
  2 porcupines (Lair:1)
  2 water moccasins
  A black bear (D:9)
  An ice beast (D:9)
  3 orc warriors (D:9)
  A sky beast (D:8)
  2 phantoms
  2 centaurs
  10 ogres
  The ghost of Liquid the Magician, an amateur DgWz (D:5)
  A crocodile (Lair:1)
  A big kobold (Sewer)
  4 giant frogs
  5 gnoll sergeants
  3 scorpions
  12 killer bees
  An electric eel (Lair:1)
  A howler monkey (D:3)
  4 spriggan skeletons (D:9)
  A troll skeleton (D:9)
  4 crimson imps
  2 centaur zombies
  10 hounds
  3 jellies
  A quasit (D:6)
  2 giant frog skeletons
  5 iguanas
  4 orc priests
  4 centaur skeletons
  An orc wizard (D:4)
  Jessica (D:3)
  Natasha (thrice) (D:3)
  5 worker ants
  A killer bee zombie (D:9)
  A hound skeleton (D:5)
  A worker ant zombie (D:5)
  11 gnolls
  15 adders
  7 river rats (Sewer)
  3 shadow imps
  2 oozes
  2 adder skeletons
  2 worms (D:2)
  3 dart slugs
  5 giant geckos
  31 orcs
  8 ball pythons
  3 giant cockroaches
  7 hobgoblins
  4 jackals (D:1)
  23 kobolds
  4 quokkas
  8 bats
  A giant cockroach zombie (D:5)
  A giant gecko skeleton (D:5)
  4 giant newts
  8 goblins
  A jackal skeleton (D:6)
  A quokka skeleton (D:6)
  2 quokka zombies
  24 rats
  8 fungi (D:8)
  3 plants (D:8)
322 creatures vanquished.

Vanquished Creatures (others)
  An ogre (D:7)
1 creature vanquished.

Grand Total: 323 creatures vanquished

Notes
Turn   | Place    | Note
--------------------------------------------------------------
     0 | D:1      | lightmor the Minotaur Fighter began the quest for the Orb.
     0 | D:1      | Reached XP level 1. HP: 19/19 MP: 0/0
   239 | D:1      | Reached XP level 2. HP: 27/27 MP: 1/1
   543 | D:2      | Reached skill level 3 in Axes
   543 | D:2      | Reached XP level 3. HP: 21/33 MP: 2/2
   783 | D:2      | Found an iron altar of Okawaru.
   784 | D:2      | Found a shadowy altar of Dithmenos.
   790 | D:2      | Found a glowing golden altar of the Shining One.
  1064 | D:3      | Reached XP level 4. HP: 40/40 MP: 3/3
  1137 | D:3      | Found a sacrificial altar of Ru.
  1264 | D:3      | Found a glowing silver altar of Zin.
  1321 | D:3      | Noticed Natasha
  1327 | D:3      | Killed Natasha
  1493 | D:3      | Noticed Jessica
  1493 | D:3      | Noticed Natasha
  1495 | D:3      | Noticed a giant frog
  1497 | D:3      | Killed a giant frog
  1497 | D:3      | Reached XP level 5. HP: 32/47 MP: 4/4
  1499 | D:3      | Killed Jessica
  1499 | D:3      | Reached skill level 5 in Armour
  1509 | D:3      | Killed Natasha
  1509 | D:3      | Reached skill level 5 in Fighting
  1509 | D:3      | Reached skill level 5 in Shields
  1525 | D:3      | Noticed Natasha
  1528 | D:3      | Reached skill level 4 in Axes
  1530 | D:3      | Killed Natasha
  1668 | D:3      | Found a sacrificial altar of Ru.
  1682 | D:3      | Reached XP level 6. HP: 39/56 MP: 5/5
  2243 | D:4      | Found a shadowy altar of Dithmenos.
  2399 | D:4      | Reached XP level 7. HP: 50/62 MP: 6/6
  2691 | D:4      | Reached skill level 5 in Axes
  2878 | D:5      | Entered Level 5 of the Dungeon
  3073 | D:5      | Noticed Liquid's ghost (amateur DgWz)
  3170 | D:5      | Killed Liquid's ghost
  3201 | D:5      | Found a glowing drain.
  3209 | Sewer    | Entered a sewer
  3427 | Sewer    | Reached XP level 8. HP: 47/71 MP: 7/7
  3429 | Sewer    | Reached skill level 6 in Axes
  3912 | D:5      | Reached skill level 7 in Axes
  4214 | D:5      | Found a snail-covered altar of Cheibriados.
  4652 | D:6      | Found a burning altar of Makhleb.
  4662 | D:6      | Became a worshipper of Makhleb the Destroyer
  4682 | D:6      | Reached skill level 8 in Axes
  4694 | D:6      | Noticed Edmund
  4703 | D:6      | Killed Edmund
  4703 | D:6      | Reached XP level 9. HP: 64/81 MP: 8/8
  4952 | D:6      | Noticed Sigmund
  4955 | D:6      | Killed Sigmund
  5103 | D:6      | Reached * piety under Makhleb
  5167 | D:6      | Found a deep blue altar of Sif Muna.
  5748 | D:7      | Found a staircase to the Ecumenical Temple.
  5853 | D:7      | Found a stormy altar of Qazlal.
  5886 | D:7      | Reached skill level 9 in Axes
  5937 | D:7      | Got a colourful robe
  5948 | D:7      | Identified the cursed +1 robe "Vehunef" {rF+ rN+ MR++ Str+4} (You found it on level 7 of the Dungeon)
  6383 | D:8      | Found a staircase to the Lair.
  6651 | D:8      | Found a white marble altar of Elyvilon.
  6716 | D:8      | Found a sparkling altar of Nemelex Xobeh.
  6938 | D:9      | Reached skill level 10 in Axes
  6948 | D:9      | Reached ** piety under Makhleb
  6975 | D:9      | Killed an unseen horror
  6975 | D:9      | Reached XP level 10. HP: 27/91 MP: 9/9
  7451 | D:9      | Found a shattered altar of Ashenzari.
  7637 | D:9      | Reached skill level 11 in Axes
  7881 | D:9      | Found a staircase to the Orcish Mines.
  7945 | D:9      | Reached skill level 10 in Fighting
  7979 | D:9      | Reached *** piety under Makhleb
  8138 | D:9      | Reached skill level 12 in Axes
  8173 | D:9      | Reached skill level 10 in Shields
  8594 | Lair:1   | Entered Level 1 of the Lair of Beasts
  8594 | Lair:1   | Noticed a spiny frog
  8606 | D:8      | Killed a spiny frog
  8616 | D:8      | Reached XP level 11. HP: 41/101 MP: 10/10
  8754 | Lair:1   | Reached **** piety under Makhleb
  8902 | Lair:1   | Reached skill level 13 in Axes
  9343 | Lair:1   | Noticed a death yak
  9346 | Lair:1   | Noticed a death yak
  9347 | Lair:1   | Noticed a death yak
  9351 | Lair:1   | Noticed a death yak
  9362 | Lair:1   | Killed a death yak
  9373 | Lair:1   | Killed a death yak
  9391 | D:8      | Killed a death yak
  9391 | D:8      | Reached skill level 14 in Axes
  9529 | Lair:1   | Slain by a death yak

Skill      XL: |  1  2  3  4  5  6  7  8  9 10 11 |
---------------+----------------------------------+-----
Armour         | 4 5 6 7 8 |  8.1
Fighting       | 4 5 6 7 9 10 11 | 11.5
Axes           | 3 4 5 8 10 12 14 | 14.1
Shields        | 4 5 6 7 9 10 11 | 11.3

Action                   |  1- 3 |  4- 6 |  7- 9 | 10-12 || total
-------------------------+-------+-------+-------+-------++-------
Melee: War axe           |   105 |   117 |   442 |   351 ||  1015
       Headbutt          |    12 |    24 |    78 |    94 ||   208
       Hand axe          |       |       |    24 |       ||    24
Invok: Major Destruction |       |       |       |     1 ||     1
Evoke: Wand              |       |       |       |    11 ||    11
  Use: Scroll            |     1 |     6 |    10 |     3 ||    20
       Potion            |       |     4 |     5 |     3 ||    12
  Eat: Chunk             |     1 |     4 |    15 |     9 ||    29
       Beef jerky        |       |       |       |     1 ||     1
Armor: Scale mail        |    58 |    43 |   140 |       ||   241
       Skin              |       |     1 |       |       ||     1
       Robe              |       |       |    28 |    95 ||   123
Dodge: Dodged            |    38 |    52 |   155 |    86 ||   331
Block: Shield            |    58 |    67 |   325 |   189 ||   639
